 Dungeon Crawl Stone Soup version 0.29.0-4-gdea44cf6ec (webtiles) character file.

Game seed: 14905678284531455392

22159 qw the Severer (level 12, -2/112 HPs)
             Began as a Minotaur Berserker on Sept 9, 2022.
             Was a Priest of Trog.
             Slain by a harpy (6 damage)
             ... on level 5 of the Lair of Beasts.
             The game lasted 00:04:57 (16411 turns).

qw the Severer (Minotaur Berserker)                Turns: 16411, Time: 00:04:58

Health: -2/112     AC: 20    Str: 27    XL:     12   Next: 60%
Magic:  11/11      EV: 13    Int:  8    God:    Trog [***...]
Gold:   974        SH: 10    Dex: 10    Spells: 11/11 levels left

rFire   + . .      SeeInvis .   o - +5 war axe of Past Mistakes {drain, rCorr Str+7}
rCold   . . .      Faith    .   h - +0 buckler
rNeg    . . .      Spirit   .   n - +0 plate armour
rPois   +          Reflect  +   (helmet restricted)
rElec   .          Harm     .   d - +1 cloak
rCorr   +          Rampage  .   m - +2 pair of gloves
Will    ++...                   (no boots)
Stlth   ..........              b - amulet of reflection
HPRegen 1.28/turn               y - ring "Neileerch" {Fly rPois rF+ Str-5 Slay+4}
MPRegen 0.12/turn               x - +4 ring of evasion

@: about to teleport, strong-willed (expiring), on berserk cooldown, flying,
regenerating (expiring), slowed, very slow
A: horns 2, retaliatory headbutt, clever 1
a: Renounce Religion, Berserk, Trog's Hand


You were on level 5 of the Lair of Beasts.
You worshipped Trog.
Trog was most pleased with you.
You visited 2 branches of the dungeon, and saw 14 of its levels.
You also visited: Sewer and Gauntlet.

You collected 1012 gold pieces.
You spent 38 gold pieces at shops.


Innate Abilities, Weirdness & Mutations

You have a pair of horns on your head.
You reflexively headbutt those who attack you in melee.
Your mind is acute. (Int +4, Str/Dex -1)


   Skills:
 - Level 12.1 Fighting
 - Level 16.1 Axes
 - Level 5.4 Throwing
 + Level 10.8 Armour
 - Level 6.5 Dodging
 - Level 8.0 Shields


You had 11 spell levels left.
You didn't know any spells.
Your spell library was empty.

Inventory:

Hand Weapons
 g - a +1 hand axe of flaming
 o - the +5 war axe of Past Mistakes (weapon) {drain, rCorr Str+7}
   (You found it on level 6 of the Dungeon)

   A truly terrible weapon, it drains the life of any living foe it strikes.
   Str:       It affects your strength (+7).
   rCorr:     It protects you from acid and corrosion.
Missiles
 e - 6 boomerangs
 z - 3 javelins (quivered)
Armour
 d - a +1 cloak (worn)
 h - a +0 buckler (worn)
 m - a +2 pair of gloves (worn)
 n - a +0 plate armour (worn)
 u - a +1 cloak of poison resistance
Jewellery
 b - an amulet of reflection (around neck)
 q - the ring of Gozag's Hope {rPois rCorr Dex+5}
   (You found it in a Gauntlet)

   [ring of poison resistance]

   Dex:       It affects your dexterity (+5).
   rPois:     It protects you from poison.
   rCorr:     It protects you from acid and corrosion.
 r - the ring "Jauhudyg" {Fly Will- Str+8}
   (You acquired it on level 4 of the Lair of Beasts)

   [ring of flight]

   Str:       It affects your strength (+8).
   Fly:       It grants you flight.
   Will:      It decreases your willpower.
 v - the ring "Ygiyps" {Ice rElec rCorr Slay+2}
   (You found it in a Gauntlet)

   [ring of ice]

   It enhances your ice magic.
   Slay:      It affects your accuracy & damage with ranged weapons and melee
   (+2).
   rF:        It makes you vulnerable to fire.
   rC:        It protects you from cold.
   rElec:     It insulates you from electricity.
   rCorr:     It protects you from acid and corrosion.
 w - a ring of fire
 x - a +4 ring of evasion (right hand)
 y - the ring "Neileerch" (left hand) {Fly rPois rF+ Str-5 Slay+4}
   (You found it in a Gauntlet)

   [ring of protection from fire]

   Str:       It affects your strength (-5).
   Slay:      It affects your accuracy & damage with ranged weapons and melee
   (+4).
   rF:        It protects you from fire.
   rPois:     It protects you from poison.
   Fly:       It grants you flight.
Scrolls
 a - 2 scrolls of identify
 s - a scroll of brand weapon
 t - 2 scrolls of teleportation
Potions
 c - 5 potions of curing
 f - 7 potions of haste
 i - 5 potions of heal wounds
 j - a potion of might
 k - a potion of resistance
 p - a potion of mutation

Dungeon Overview and Level Annotations

Branches:
Dungeon (9/15)             Temple (0/1) D:7            Lair (5/5) D:9
  Swamp (0/4) Lair:3       Spider (0/4) Lair:3        Slime (0/5) Lair:4
  Sewer (visited)         Gauntlet (visited)
    Orc: D:9-12

Altars:
Cheibriados
Yredelemnul

Shops:
D:2 :   D:5 *

Annotations:
Lair:2 2 transporters, qw's ghost, journeyman GrBe


Message History

A nearby plant withers and dies.
You see here a javelin.
Found five items.
You feel the effects of Trog's Hand fading.
You block the harpy's attack. The harpy claws you but does no damage.
A snapping turtle comes into view.
The merfolk avatar chants a haunting song.
You resist with some effort.
A manticore comes into view.
Found four items.
The snapping turtle hisses angrily.
The shadowy forms in the deep grow still as others approach.
The drowned soul returns to the deep!
The harpy closely misses you. The harpy claws you but does no damage.
The merfolk avatar chants a haunting song.
You resist with almost no effort. The drowned soul touches you.
The drowned soul drowns you!
You hear an angry hiss.
You slice the harpy!!
The harpy is heavily wounded.
The drowned soul returns to the deep!
The harpy claws you. The harpy closely misses you.
You block the harpy's attack. The harpy completely misses you.
You block the drowned soul's attack.
The snapping turtle bites you from afar!
You hit the harpy but do no damage. Your headbutt misses the harpy.
The harpy is heavily wounded.
You slash the drowned soul!
The drowned soul returns to the deep!
The harpy claws you but does no damage. The harpy claws you.
The merfolk avatar chants a haunting song.
You resist with some effort. You block the harpy's attack.
The harpy misses you. The drowned soul touches you.
The drowned soul drowns you! The snapping turtle barely misses you.
16411 ||| READING 3 scrolls of teleportation.
As you read the scroll of teleportation, it crumbles to dust.
You feel strangely unstable.
The harpy screeches!
The harpy claws you! The harpy closely misses you. The harpy claws you!
The harpy claws you.
You die...

#~~#!$!)#
#~~#}~~$.~
#~~#=~~}.~
#~~#!))!# ~
#~8HW#~##.~
#~tW~~Pm~~~
#~~.~#~#.~~ #
#H@~~~~.~~
#~######.#.~#~###
~~~~P~~((~~#~~~~
P~P~~~~~~.~~~~~~~
~~~##~~##~~~~~.##
#~.##~~#~~~##~~##
~.~.~.~.~%~..~..~
.................
.........%.......


You could see a merfolk avatar, a snapping turtle, a manticore, a harpy and 2
drowned souls.

Vanquished Creatures
  A cacodemon (Gauntlet)
  A great orb of eyes (Gauntlet)
  2 hydras
  2 catoblepae
  A sea snake (Lair:5)
  Pikel (D:7)
  A harpy (Lair:5)
  2 ugly things (Gauntlet)
  3 manticores (Lair:5)
  2 elephants (Lair:5)
  Joseph (D:7)
  A black mamba (Lair:1)
  4 cane toads
  Maggie (Lair:1)
  2 minotaur zombies (Gauntlet)
  3 komodo dragons
  A hornet (D:8)
  A polar bear (Lair:3)
  Grinder (D:3)
  Prince Ribbit (D:5)
  5 blink frogs (Lair:4)
  Sigmund (D:3)
  A wraith (D:9)
  A wyvern (D:9)
  17 yaks
  A redback (Lair:3)
  A steam dragon (D:7)
  6 water moccasins
  3 orc warriors
  2 ice beasts
  3 centaurs
  5 ogres
  2 wolves (Lair:3)
  A phantom (D:6)
  7 kobold brigands
  A lemure (D:7)
  11 bullfrogs
  2 scorpions
  4 necrophages
  8 wights
  6 killer bees (D:8)
  6 howler monkeys
  An electric eel (Lair:3)
  4 hounds
  4 orc priests
  A jelly (D:5)
  2 gnoll boudas (D:9)
  4 iguanas
  Jessica (D:3)
  2 orc wizards
  A mummy (D:9)
  10 gnolls
  13 adders
  5 river rats (Sewer)
  A shadow imp (D:8)
  A white imp (D:5)
  An ufetubus (D:5)
  4 dart slugs
  48 orcs
  8 ball pythons
  10 endoplasms
  11 giant cockroaches
  9 goblins
  5 hobgoblins
  9 jackals
  28 kobolds
  6 quokkas
  4 bats
  4 frilled lizards
  22 rats
  A spectral orc (D:5)
346 creatures vanquished.

Vanquished Creatures (collateral kills)
  A minotaur (Gauntlet)
  A wolf (Lair:3)
2 creatures vanquished.

Vanquished Creatures (others)
  A kobold (D:4)
  3 fungi
  16 plants
20 creatures vanquished.

Grand Total: 368 creatures vanquished

Notes
Turn   | Place    | Note
-------+----------+-------------------------------------------
     0 | D:1      | qw the Minotaur Berserker began the quest for the Orb.
     0 | D:1      | Reached XP level 1. HP: 19/19 MP: 0/0
     0 | D:1      | 0 ||| qw: Version: 0.1-a-113-g051387a
     0 | D:1      | 0 ||| qw: Game counter: 7226
     0 | D:1      | 0 ||| qw: Always use a shield: true
     0 | D:1      | 0 ||| qw: Do Orc after D:15 true
     0 | D:1      | 0 ||| qw: Do second Lair branch before Depths: true
     0 | D:1      | 0 ||| qw: Lair rune preference: random
     0 | D:1      | 0 ||| qw: Plans: Normal
     0 | D:1      | 0 ||| PLANNING D:1-11
    60 | D:1      | 60 ||| Stepping ~*~*~tactically~*~*~ (stealth).
    66 | D:1      | Reached skill level 4 in Axes
    77 | D:1      | 77 ||| Stepping ~*~*~tactically~*~*~ (stealth).
    84 | D:1      | 84 ||| Stepping ~*~*~tactically~*~*~ (stealth).
    91 | D:1      | 91 ||| Stepping ~*~*~tactically~*~*~ (stealth).
    97 | D:1      | Reached XP level 2. HP: 26/26 MP: 1/1
    98 | D:1      | 98 ||| Stepping ~*~*~tactically~*~*~ (stealth).
    99 | D:1      | 99 ||| Stepping ~*~*~tactically~*~*~ (stealth).
   367 | D:1      | 367 ||| Stepping ~*~*~tactically~*~*~ (hiding).
   371 | D:1      | 371 ||| Stepping ~*~*~tactically~*~*~ (hiding).
   377 | D:1      | 377 ||| Stepping ~*~*~tactically~*~*~ (hiding).
   384 | D:1      | 384 ||| Stepping ~*~*~tactically~*~*~ (hiding).
   395 | D:1      | Reached skill level 5 in Axes
   461 | D:1      | 461 ||| Stepping ~*~*~tactically~*~*~ (hiding).
   563 | D:1      | 563 ||| Stepping ~*~*~tactically~*~*~ (hiding).
   701 | D:1      | Reached XP level 3. HP: 31/31 MP: 2/2
   873 | D:1      | Found a faded altar of an unknown god.
  1104 | D:1      | 1104 ||| UPGRADING to +0 cloak.
  1109 | D:1      | 1109 ||| UPGRADING to +0 chain mail.
  1119 | D:1      | 1119 ||| DROPPING +0 animal skin.
  1120 | D:1      | 1120 ||| DROPPING amulet of magic regeneration.
  1121 | D:1      | 1121 ||| READING 3 scrolls labelled YVECVU WUCINK.
  1122 | D:1      | 1122 ||| READING scroll labelled ORCHES LEDGHI.
  1123 | D:1      | 1123 ||| READING scroll labelled ZIZXAEF ZEBAN.
  1124 | D:1      | 1124 ||| READING scroll labelled TEPUOQUMAO.
  1125 | D:1      | 1125 ||| DRINKING 2 puce potions.
  1126 | D:1      | 1126 ||| READING 2 scrolls of identify.
  1126 | D:1      | 1126 ||| IDENTIFYING fizzy emerald potion
  1127 | D:1      | 1127 ||| DROPPING potion of attraction.
  1128 | D:1      | 1128 ||| Stepping randomly (stuck).
  1129 | D:1      | 1129 ||| Stepping ~*~*~tactically~*~*~ (cloud).
  1354 | D:2      | 1354 ||| STAIRDANCE
  1392 | D:2      | Reached ** piety under Trog
  1415 | D:2      | Found Dozoyfue's Book Shop.
  1435 | D:2      | 1435 ||| Stepping ~*~*~tactically~*~*~ (hiding).
  1509 | D:2      | 1509 ||| Stepping ~*~*~tactically~*~*~ (stealth).
  1668 | D:2      | Reached skill level 6 in Axes
  1668 | D:2      | Reached XP level 4. HP: 37/39 MP: 3/3
  1856 | D:2      | 1856 ||| UPGRADING to amulet of reflection.
  1861 | D:2      | 1861 ||| READING scroll labelled CUEKKU ESUM.
  1999 | D:3      | Noticed Grinder
  2000 | D:3      | 2000 ||| INVOKING Trog's Hand.
  2001 | D:3      | 2001 ||| INVOKING Berserk.
  2008 | D:3      | Killed Grinder
  2009 | D:3      | Reached skill level 8 in Axes
  2009 | D:3      | Reached XP level 5. HP: 45/45 MP: 4/4
  2009 | D:3      | Reached XP level 6. HP: 51/51 MP: 5/5
  2229 | D:3      | 2229 ||| Stepping ~*~*~tactically~*~*~ (hiding).
  2230 | D:3      | 2230 ||| Stepping ~*~*~tactically~*~*~ (hiding).
  2231 | D:3      | 2231 ||| Stepping ~*~*~tactically~*~*~ (hiding).
  2234 | D:3      | 2234 ||| INVOKING Berserk.
  2328 | D:3      | 2328 ||| DROPPING +0 club.
  2336 | D:3      | 2336 ||| DROPPING +0 whip.
  2423 | D:3      | Noticed Jessica
  2424 | D:3      | 2424 ||| Stepping ~*~*~tactically~*~*~ (hiding).
  2430 | D:3      | Killed Jessica
  2666 | D:3      | Noticed Sigmund
  2667 | D:3      | 2667 ||| Stepping ~*~*~tactically~*~*~ (hiding).
  2669 | D:3      | 2669 ||| DRINKING 2 potions of curing.
  2669 | D:3      | 2669 ||| (to cure confusion)
  2671 | D:3      | 2671 ||| INVOKING Berserk.
  2675 | D:3      | Killed Sigmund
  2676 | D:3      | Reached skill level 9 in Axes
  2676 | D:3      | Reached XP level 7. HP: 59/59 MP: 6/6
  2920 | D:3      | 2920 ||| DRINKING 2 blue potions.
  2921 | D:3      | 2921 ||| READING 2 scrolls of identify.
  2921 | D:3      | 2921 ||| IDENTIFYING yellow potion
  2922 | D:3      | 2922 ||| DROPPING potion of brilliance.
  2940 | D:4      | 2940 ||| PLANNING SEWER
  2944 | D:4      | 2944 ||| Stepping ~*~*~tactically~*~*~ (stealth).
  3111 | D:4      | Reached skill level 3 in Armour
  3177 | D:4      | Found a glowing drain.
  3191 | Sewer    | Entered a sewer
  3243 | Sewer    | Reached *** piety under Trog
  3493 | Sewer    | 3493 ||| INVOKING Berserk.
  3498 | Sewer    | Reached skill level 10 in Axes
  3727 | Sewer    | 3727 ||| Stepping ~*~*~tactically~*~*~ (stealth).
  3781 | Sewer    | Reached skill level 6 in Fighting
  3999 | Sewer    | 3999 ||| READING scroll labelled OFAPLU XONUFI.
  4000 | Sewer    | 4000 ||| DRINKING 4 purple potions.
  4001 | Sewer    | 4001 ||| READING 2 scrolls of identify.
  4001 | Sewer    | 4001 ||| IDENTIFYING fizzy dark potion
  4027 | D:4      | 4027 ||| PLANNING D:1-11
  4086 | D:4      | 4086 ||| FLEEEEING.
  4302 | D:4      | Reached **** piety under Trog
  4399 | D:4      | Reached XP level 8. HP: 65/70 MP: 7/7
  4429 | D:4      | 4429 ||| Stepping ~*~*~tactically~*~*~ (stealth).
  4555 | D:4      | Reached skill level 1 in Throwing
  4574 | D:4      | 4574 ||| INVOKING Berserk.
  4579 | D:4      | Reached skill level 11 in Axes
  4772 | D:4      | 4772 ||| READING scroll of enchant armour.
  4772 | D:4      | 4772 ||| ENCHANTING +0 cloak.
  4939 | D:4      | 4939 ||| DROPPING amulet of regeneration.
  4940 | D:4      | 4940 ||| READING scroll labelled DAAS PE GAEFYM.
  4941 | D:4      | 4941 ||| READING scroll labelled GOSSIBBEUM.
  4942 | D:4      | 4942 ||| DRINKING 2 coppery potions.
  4965 | D:5      | Entered Level 5 of the Dungeon
  4969 | D:5      | 4969 ||| STAIRDANCE
  5048 | D:5      | 5048 ||| INVOKING Berserk.
  5174 | D:5      | 5174 ||| Stepping ~*~*~tactically~*~*~ (stealth).
  5191 | D:5      | 5191 ||| INVOKING Berserk.
  5294 | D:5      | 5294 ||| Stepping ~*~*~tactically~*~*~ (stealth).
  5319 | D:5      | 5319 ||| Stepping ~*~*~tactically~*~*~ (stealth).
  5323 | D:5      | 5323 ||| Stepping ~*~*~tactically~*~*~ (stealth).
  5324 | D:5      | 5324 ||| Stepping ~*~*~tactically~*~*~ (stealth).
  5369 | D:5      | Found a basalt altar of Yredelemnul.
  5378 | D:5      | Reached skill level 12 in Axes
  5512 | D:5      | Found Lour's Mayhem Merchandise.
  5518 | D:5      | 5518 ||| BUYING +0 war axe (38 gold).
  5518 | D:5      | Bought a +0 war axe for 38 gold pieces
  5518 | D:5      | 5518 ||| SHOPLISTING +5 war axe of Eplumm {venom, rElec
                  | Dex+4} (567 gold, have 150).
  5518 | D:5      | 5518 ||| SWAPPING to +0 war axe.
  5519 | D:5      | 5519 ||| DROPPING +0 hand axe of protection.
  5589 | D:5      | 5589 ||| INVOKING Berserk.
  5734 | D:5      | Noticed Prince Ribbit
  5735 | D:5      | 5735 ||| INVOKING Berserk.
  5739 | D:5      | Killed Prince Ribbit
  5740 | D:5      | Reached XP level 9. HP: 79/79 MP: 8/8
  5978 | D:5      | 5978 ||| Stepping ~*~*~tactically~*~*~ (hiding).
  6284 | D:5      | 6284 ||| UPGRADING to +0 pair of gloves.
  6289 | D:5      | 6289 ||| UPGRADING to ring of poison resistance.
  6290 | D:5      | 6290 ||| READING scroll labelled VEHUM SIOSM.
  6291 | D:5      | 6291 ||| READING scroll labelled JUNEUM NIRGHI.
  6292 | D:5      | 6292 ||| READING 2 scrolls of identify.
  6292 | D:5      | 6292 ||| IDENTIFYING sedimented silvery potion
  6293 | D:5      | 6293 ||| DROPPING potion of berserk rage.
  6322 | D:6      | 6322 ||| Stepping ~*~*~tactically~*~*~ (stealth).
  6324 | D:6      | 6324 ||| Stepping ~*~*~tactically~*~*~ (stealth).
  6365 | D:6      | 6365 ||| Stepping ~*~*~tactically~*~*~ (stealth).
  6386 | D:6      | Identified the +5 war axe of Past Mistakes {drain, rCorr
                  | Str+7}
  6388 | D:6      | 6388 ||| SWAPPING to +5 war axe of Past Mistakes {drain,
                  | rCorr Str+7}.
  6389 | D:6      | 6389 ||| DROPPING +0 war axe.
  6501 | D:6      | 6501 ||| INVOKING Berserk.
  6676 | D:6      | You fall into a shaft and drop 2 floors!
  6768 | D:8      | 6768 ||| Stepping ~*~*~tactically~*~*~ (stealth).
  6769 | D:8      | 6769 ||| Stepping ~*~*~tactically~*~*~ (stealth).
  6771 | D:8      | 6771 ||| Stepping ~*~*~tactically~*~*~ (stealth).
  6779 | D:8      | 6779 ||| INVOKING Berserk.
  6781 | D:8      | Reached skill level 13 in Axes
  6890 | D:8      | 6890 ||| DROPPING +0 flail.
  6894 | D:8      | 6894 ||| DROPPING +1 flail of holy wrath.
  6922 | D:8      | 6922 ||| Stepping ~*~*~tactically~*~*~ (stealth).
  6923 | D:8      | 6923 ||| Stepping ~*~*~tactically~*~*~ (stealth).
  6928 | D:8      | 6928 ||| Stepping ~*~*~tactically~*~*~ (stealth).
  6962 | D:8      | 6962 ||| UPGRADING to +0 plate armour.
  6972 | D:8      | 6972 ||| DROPPING +0 chain mail.
  6973 | D:8      | 6973 ||| READING 2 scrolls labelled RISMI JEMUSMOH.
  7135 | D:8      | 7135 ||| DROPPING scroll of torment.
  7154 | D:7      | 7154 ||| INVOKING Berserk.
  7190 | D:7      | 7190 ||| Stepping ~*~*~tactically~*~*~ (stealth).
  7248 | D:7      | Noticed Joseph
  7255 | D:7      | Killed Joseph
  7290 | D:7      | Noticed Pikel
  7296 | D:7      | 7296 ||| INVOKING Berserk.
  7299 | D:7      | Killed Pikel
  7300 | D:7      | Reached skill level 9 in Fighting
  7575 | D:7      | Found a staircase to the Ecumenical Temple.
  7642 | D:7      | Reached XP level 10. HP: 86/91 MP: 9/9
  7707 | D:6      | 7707 ||| Stepping ~*~*~tactically~*~*~ (stealth).
  7855 | D:6      | 7855 ||| Stepping ~*~*~tactically~*~*~ (stealth).
  7856 | D:6      | 7856 ||| Stepping ~*~*~tactically~*~*~ (stealth).
  7857 | D:6      | 7857 ||| Stepping ~*~*~tactically~*~*~ (stealth).
  8434 | D:8      | 8434 ||| STAIRDANCE
  8436 | D:7      | 8436 ||| DRINKING 3 potions of curing.
  8436 | D:7      | 8436 ||| (to cure confusion)
  8440 | D:8      | 8440 ||| INVOKING Berserk.
  8444 | D:8      | Reached skill level 14 in Axes
  8448 | D:8      | 8448 ||| DRINKING 2 potions of curing.
  8448 | D:8      | 8448 ||| (to cure confusion)
  8450 | D:8      | Reached ***** piety under Trog
  8558 | D:8      | 8558 ||| Stepping ~*~*~tactically~*~*~ (hiding).
  8560 | D:8      | 8560 ||| Stepping ~*~*~tactically~*~*~ (hiding).
  8584 | D:8      | Reached skill level 3 in Dodging
  8586 | D:8      | 8586 ||| READING scroll of enchant armour.
  8586 | D:8      | 8586 ||| ENCHANTING +0 pair of gloves.
  8966 | D:8      | 8966 ||| DROPPING amulet of faith.
  8967 | D:8      | 8967 ||| UPGRADING to +6 ring of dexterity.
  8968 | D:8      | 8968 ||| READING scroll labelled WYWNOT MUMY.
  8999 | D:9      | 8999 ||| INVOKING Berserk.
  9004 | D:9      | HP: 31/136 [orc priest/divine providence (10)]
  9445 | D:9      | Found a staircase to the Lair.
  9455 | D:9      | 9455 ||| INVOKING Berserk.
  9625 | D:9      | 9625 ||| INVOKING Berserk.
  9627 | D:9      | Reached skill level 15 in Axes
  9829 | D:9      | Found a snail-covered altar of Cheibriados.
 10172 | D:9      | 10172 ||| Stepping ~*~*~tactically~*~*~ (hiding).
 10177 | D:9      | 10177 ||| INVOKING Berserk.
 10289 | D:9      | 10289 ||| PLANNING LAIR
 10289 | D:9      | 10289 ||| UPGRADING to +0 buckler.
 10294 | D:9      | 10294 ||| READING 2 scrolls labelled ECALEU OROM.
 10358 | Lair:1   | Entered Level 1 of the Lair of Beasts
 10359 | Lair:1   | 10359 ||| PLANNING GAUNTLET
 10360 | Lair:1   | 10360 ||| INVOKING Berserk.
 10667 | Lair:1   | Noticed a cane toad
 10669 | Lair:1   | Noticed Maggie
 10670 | Lair:1   | 10670 ||| INVOKING Berserk.
 10672 | Lair:1   | Killed a cane toad
 10673 | Lair:1   | Reached skill level 3 in Shields
 10681 | Lair:1   | Reached XP level 11. HP: 97/97 MP: 10/10
 10685 | Lair:1   | Killed Maggie
 10697 | Lair:1   | Reached skill level 16 in Axes
 10701 | Lair:1   | Reached skill level 6 in Shields
 10837 | Lair:1   | Found a gate leading to a gauntlet.
 10838 | Lair:1   | 10838 ||| READING scroll labelled DORRA IQOCK.
 10846 | Gauntlet | Entered a Gauntlet
 10846 | Gauntlet | Found a transporter.
 10852 | Gauntlet | Noticed a great orb of eyes
 10853 | Gauntlet | Noticed a brown ugly thing
 10855 | Gauntlet | Found a transporter.
 10859 | Gauntlet | Noticed a red ugly thing
 10867 | Gauntlet | Found a transporter.
 10871 | Gauntlet | Found a transporter.
 10881 | Gauntlet | Found a transporter.
 10881 | Gauntlet | Noticed a cacodemon
 10901 | Gauntlet | Found a transporter.
 10903 | Gauntlet | Found the brooch of Shielding {Spirit SH+8}
 10903 | Gauntlet | Noticed a death drake
 10914 | Gauntlet | Found a transporter.
 10934 | Gauntlet | Found a transporter.
 10938 | Gauntlet | Found a transporter.
 10949 | Gauntlet | Found a transporter.
 10973 | Gauntlet | Found a transporter.
 10973 | Gauntlet | Found a transporter.
 11025 | Gauntlet | 11025 ||| Stepping ~*~*~tactically~*~*~ (hiding).
 11029 | Gauntlet | 11029 ||| INVOKING Trog's Hand.
 11032 | Gauntlet | Killed a red ugly thing
 11035 | Gauntlet | Killed a red ugly thing
 11043 | Gauntlet | Killed a great orb of eyes
 11069 | Gauntlet | 11069 ||| READING scroll of enchant armour.
 11069 | Gauntlet | 11069 ||| ENCHANTING +1 pair of gloves.
 11070 | Gauntlet | Identified the ring of Gozag's Hope {rPois rCorr Dex+5}
 11075 | Gauntlet | 11075 ||| UPGRADING to ring of Gozag's Hope {rPois rCorr
                  | Dex+5}.
 11084 | Gauntlet | 11084 ||| Stepping randomly (stuck).
 11086 | Gauntlet | Gained mutation: You are frail. (-10% HP) [a cacodemon]
 11092 | Gauntlet | 11092 ||| DRINKING 6 potions of curing.
 11092 | Gauntlet | 11092 ||| (to cure confusion)
 11104 | Gauntlet | HP: 11/89 [disintegration (38)]
 11105 | Gauntlet | 11105 ||| DRINKING 4 potions of heal wounds.
 11106 | Gauntlet | 11106 ||| DRINKING 5 potions of curing.
 11106 | Gauntlet | 11106 ||| (to cure confusion)
 11106 | Gauntlet | Gained mutation: You have hidden genetic potential. [a
                  | cacodemon]
 11107 | Gauntlet | 11107 ||| INVOKING Berserk.
 11108 | Gauntlet | Killed a cacodemon
 11109 | Gauntlet | Reached skill level 6 in Dodging
 11382 | Gauntlet | 11382 ||| DRINKING potion of mutation.
 11382 | Gauntlet | Lost mutation: You have hidden genetic potential. [potion
                  | of mutation]
 11382 | Gauntlet | Lost mutation: You are frail. (-10% HP) [potion of
                  | mutation]
 11382 | Gauntlet | Gained mutation: You are frail. (-10% HP) [potion of
                  | mutation]
 11382 | Gauntlet | Gained mutation: You are agile. (Dex +4, Str/Int -1)
                  | [potion of mutation]
 11386 | Gauntlet | Identified the ring "Ygiyps" {Ice rElec rCorr Slay+2}
 11390 | Gauntlet | 11390 ||| DRINKING potion of mutation.
 11390 | Gauntlet | Lost mutation: You are frail. (-10% HP) [potion of
                  | mutation]
 11390 | Gauntlet | Lost mutation: You are agile. (Dex +4, Str/Int -1) [potion
                  | of mutation]
 11390 | Gauntlet | Gained mutation: Your mind is acute. (Int +4, Str/Dex -1)
                  | [potion of mutation]
 11428 | Gauntlet | 11428 ||| UPGRADING to ring "Ygiyps" {Ice rElec rCorr
                  | Slay+2}.
 11446 | Gauntlet | Noticed a minotaur
 11447 | Gauntlet | 11447 ||| INVOKING Brothers in Arms.
 11450 | Gauntlet | 11450 ||| INVOKING Berserk.
 11454 | Gauntlet | Killed a minotaur
 11455 | Gauntlet | Reached skill level 3 in Throwing
 11586 | Gauntlet | Identified the ring "Neileerch" {Fly rPois rF+ Str-5
                  | Slay+4}
 11835 | Gauntlet | 11835 ||| DROPPING ring of poison resistance.
 11836 | Gauntlet | 11836 ||| DROPPING ring of ice.
 11837 | Gauntlet | 11837 ||| UPGRADING to +4 ring of evasion.
 11839 | Gauntlet | 11839 ||| UPGRADING to ring "Neileerch" {Fly rPois rF+
                  | Str-5 Slay+4}.
 11850 | Lair:1   | 11850 ||| PLANNING LAIR
 11906 | Lair:1   | 11906 ||| INVOKING Berserk.
 12434 | Lair:1   | 12434 ||| INVOKING Berserk.
 12439 | Lair:1   | Reached skill level 9 in Armour
 12865 | Lair:2   | Found a transporter.
 12875 | Lair:2   | 12875 ||| INVOKING Berserk.
 13345 | Lair:2   | Noticed qw's ghost (journeyman GrBe)
 13348 | Lair:2   | Noticed a green ugly thing
 13349 | Lair:2   | Noticed a soul eater
 13350 | Lair:2   | Noticed a brown ugly thing
 13354 | Lair:2   | Found a transporter.
 13472 | Lair:2   | Noticed a thrashing horror
 13608 | Lair:2   | Noticed a catoblepas
 13609 | Lair:2   | 13609 ||| Stepping ~*~*~tactically~*~*~ (cloud).
 13610 | Lair:2   | 13610 ||| Stepping ~*~*~tactically~*~*~ (cloud).
 13613 | Lair:2   | 13613 ||| Stepping ~*~*~tactically~*~*~ (hiding).
 13615 | Lair:2   | 13615 ||| INVOKING Berserk.
 13617 | Lair:2   | Killed a catoblepas
 14101 | Lair:3   | Found a hole to the Spider Nest.
 14105 | Lair:3   | Noticed a four-headed hydra
 14106 | Lair:3   | 14106 ||| INVOKING Brothers in Arms.
 14114 | Lair:3   | 14114 ||| SWAPPING to +1 hand axe of flaming.
 14115 | Lair:3   | 14115 ||| INVOKING Berserk.
 14119 | Lair:3   | Killed a one-headed hydra
 14120 | Lair:3   | Reached XP level 12. HP: 106/106 MP: 11/11
 14134 | Lair:3   | 14134 ||| SWAPPING to +5 war axe of Past Mistakes {drain,
                  | rCorr Str+7}.
 14358 | Lair:3   | Found a staircase to the Swamp.
 14394 | Lair:3   | 14394 ||| INVOKING Berserk.
 15008 | Lair:3   | 15008 ||| READING scroll labelled JEXKECS MAOTHRU.
 15109 | Lair:3   | 15109 ||| READING scroll labelled SONGENNIHYSM.
 15110 | Lair:3   | 15110 ||| READING 5 scrolls of identify.
 15110 | Lair:3   | 15110 ||| IDENTIFYING viscous ruby potion
 15111 | Lair:3   | 15111 ||| DROPPING potion of lignification.
 15213 | Lair:4   | 15213 ||| Stepping ~*~*~tactically~*~*~ (stealth).
 15215 | Lair:4   | 15215 ||| INVOKING Berserk.
 15368 | Lair:4   | 15368 ||| INVOKING Berserk.
 15545 | Lair:4   | Noticed a catoblepas
 15547 | Lair:4   | 15547 ||| Stepping ~*~*~tactically~*~*~ (cloud).
 15548 | Lair:4   | 15548 ||| INVOKING Berserk.
 15553 | Lair:4   | Killed a catoblepas
 15868 | Lair:4   | Noticed an eight-headed hydra
 15869 | Lair:4   | 15869 ||| INVOKING Brothers in Arms.
 15870 | Lair:4   | 15870 ||| INVOKING Brothers in Arms.
 15871 | Lair:4   | 15871 ||| INVOKING Brothers in Arms.
 15872 | Lair:4   | 15872 ||| INVOKING Brothers in Arms.
 15873 | Lair:4   | 15873 ||| INVOKING Brothers in Arms.
 15874 | Lair:4   | 15874 ||| INVOKING Brothers in Arms.
 15875 | Lair:4   | 15875 ||| INVOKING Brothers in Arms.
 15876 | Lair:4   | 15876 ||| INVOKING Brothers in Arms.
 15877 | Lair:4   | 15877 ||| SWAPPING to +1 hand axe of flaming.
 15878 | Lair:4   | 15878 ||| INVOKING Berserk.
 15885 | Lair:4   | Killed a four-headed hydra
 16149 | Lair:4   | 16149 ||| SWAPPING to +5 war axe of Past Mistakes {drain,
                  | rCorr Str+7}.
 16150 | Lair:4   | Found a staircase to the Slime Pits.
 16240 | Lair:4   | 16240 ||| READING scroll labelled LONYG RAECLUPA.
 16240 | Lair:4   | Identified a scroll of acquirement
 16240 | Lair:4   | 16240 ||| ACQUIRING ring "Jauhudyg" {Fly Will- Str+8}
 16240 | Lair:4   | Acquired the ring "Jauhudyg" {Fly Will- Str+8}
 16242 | Lair:4   | 16242 ||| DROPPING +6 ring of dexterity.
 16243 | Lair:4   | 16243 ||| READING 4 scrolls of identify.
 16243 | Lair:4   | 16243 ||| IDENTIFYING emerald potion
 16244 | Lair:4   | 16244 ||| READING 3 scrolls of identify.
 16244 | Lair:4   | 16244 ||| IDENTIFYING bubbling emerald potion
 16245 | Lair:4   | 16245 ||| DROPPING potion of flight.
 16246 | Lair:4   | 16246 ||| DROPPING potion of degeneration.
 16249 | Lair:5   | Entered Level 5 of the Lair of Beasts
 16255 | Lair:5   | 16255 ||| INVOKING Berserk.
 16371 | Lair:5   | Reached skill level 12 in Fighting
 16383 | Lair:5   | 16383 ||| INVOKING Berserk.
 16394 | Lair:5   | Noticed a merfolk avatar
 16395 | Lair:5   | 16395 ||| INVOKING Trog's Hand.
 16405 | Lair:5   | 16405 ||| Stepping ~*~*~tactically~*~*~ (hiding).
 16406 | Lair:5   | Found the ring of Shadows {Umbra +Inv Stlth+}
 16410 | Lair:5   | HP: 21/112 [drowned by a drowned soul[a merfolk avatar]
                  | (10)]
 16411 | Lair:5   | 16411 ||| READING 3 scrolls of teleportation.
 16411 | Lair:5   | HP: 4/112 [harpy (10)]
 16411 | Lair:5   | Slain by a harpy

Levels and vault maps discovered:
D:1:      eino_arrival_water_star, layout_basic,
          shapermc_ecumenical_altar_notcrosses
D:2:      layout_rooms, serial_shops, nicolae_shop_advertising_works
          [nicolae_subvault_shop_adworks]
D:3:      layout_loops_cross, minmay_bisected, uniq_grinder, uniq_sigmund,
          uniq_jessica
D:4:      kennysheep_big_flooded_room, layout_basic,
          cheibrodos_sewer_entry_drain, grunt_ministairs_6, minmay_manual_mares
D:5:      layout_loops_ring, yredelemnul_forgotten_temple_becter,
          hangedman_decor_growths, minmay_shop_mayhem, uniq_prince_ribbit1
D:6:      layout_loops_ring
D:7:      layout_gridville, minmay_temple_entry_offerings, uniq_joseph,
          uniq_pikel
D:8:      layout_gridville
D:9:      layout_roguey [special_room_orc], chei_slow_surprise,
          david_lair_shrubbed
Lair:1:   layout_layer_cave, gauntlet_entry_generic, uniq_maggie
Lair:2:   layout_layer_cave, gammafunk_ghost_abyssal_escape, minivault_27,
          lemuel_fruit_tree
Lair:3:   layout_roguey, swamp_mist_pool, spider_nest_entry_webs
Lair:4:   layout_misc_corridors, slime_entry_1
Lair:5:   gammafunk_lair_ancient_temple, layout_regular_city,
          minmay_lindwurm_lava, serial_bayou_shore_b

Skill      XL: |  1  2  3  4  5  6  7  8  9 10 11 12 |
---------------+-------------------------------------+-----
Axes           | 4 5 6 8 9 10 12 13 15 16 | 16.1
Fighting       | 4 6 7 9 10 12 | 12.1
Armour         | 3 4 7 8 9 10 | 10.8
Throwing       | 1 4 5 |  5.4
Dodging        | 4 6 |  6.5
Shields        | 4 7 8 |  8.0

Action                   |  1- 3 |  4- 6 |  7- 9 | 10-12 || total
-------------------------+-------+-------+-------+-------++-------
Melee: Hand axe          |    76 |    65 |   257 |    11 ||   409
       Headbutt          |    21 |     5 |    58 |    57 ||   141
       War axe           |       |       |    77 |   275 ||   352
       Punch             |       |       |     3 |       ||     3
Throw: Boomerang         |       |       |    96 |    17 ||   113
       Javelin           |       |       |       |    34 ||    34
Invok: Berserk           |       |     3 |    10 |    21 ||    34
       Trog's Hand       |       |     1 |       |     2 ||     3
       Brothers in Arms  |       |       |       |     3 ||     3
  Use: Scroll            |     5 |     1 |    10 |    12 ||    28
       Potion            |     1 |     1 |     3 |     7 ||    12
 Stab: Held in net/web   |       |       |       |     1 ||     1
Armor: Animal skin       |     6 |       |       |       ||     6
       Chain mail        |    17 |    27 |   100 |       ||   144
       Plate armour      |       |       |     9 |   103 ||   112
Dodge: Dodged            |    25 |    23 |    96 |    93 ||   237
Block: Other             |       |    11 |    55 |    23 ||    89
       Reflection        |       |       |     6 |     1 ||     7
       Buckler           |       |       |       |    82 ||    82

Table legend:
 A = Non-vault XP
 B = Vault XP
 C = Vault XP percentage of total XP
 D = Non-vault monster count
 E = Vault monster count
 F = Vault count percentage of total count
                 A         B        C        D         E       F
            +---------+---------+-------+---------+---------+-------
      Total |   18654 |   13002 |  41.1 |     242 |     105 |  30.3
            +---------+---------+-------+---------+---------+-------
        D:1 |      58 |       0 |   0.0 |      27 |       0 |   0.0
        D:2 |      58 |       0 |   0.0 |      19 |       0 |   0.0
        D:3 |     102 |     543 |  84.2 |      21 |       4 |  16.0
        D:4 |     277 |     259 |  48.3 |      26 |       9 |  25.7
        D:5 |     810 |     265 |  24.7 |      17 |       2 |  10.5
        D:6 |     827 |       0 |   0.0 |      15 |       0 |   0.0
        D:7 |    1142 |    1156 |  50.3 |      30 |       2 |   6.2
        D:8 |    1019 |       0 |   0.0 |      18 |       0 |   0.0
        D:9 |    2014 |     861 |  29.9 |      21 |      29 |  58.0
     Lair:1 |    4592 |     370 |   7.5 |      21 |       1 |   4.5
     Lair:2 |    1418 |       0 |   0.0 |       4 |       0 |   0.0
     Lair:3 |    2674 |     178 |   6.2 |      13 |       1 |   7.1
     Lair:4 |    3516 |       0 |   0.0 |       9 |       0 |   0.0
     Lair:5 |     147 |    3904 |  96.4 |       1 |       7 |  87.5
      Sewer |       0 |     539 | 100.0 |       0 |      43 | 100.0
   Gauntlet |       0 |    4927 | 100.0 |       0 |       7 | 100.0
            +---------+---------+-------+---------+---------+-------
